 Dungeon Crawl Stone Soup version 0.29.1-12-g30fa7ad0bf (webtiles) character file.

Game seed: 10619834240286583915

57 ThatPearl the Cudgeller (level 3, -1/29 HPs)
             Began as a Demonspawn Gladiator on Jan 15, 2023.
             Splashed by a jelly's acid (5 damage)
             ... on level 2 of the Dungeon.
             The game lasted 00:02:52 (1781 turns).

ThatPearl the Cudgeller (Demonspawn Gladiator)      Turns: 1781, Time: 00:02:52

Health: -1/29      AC:  6    Str: 16    XL:     3   Next: 73%
Magic:  3/3        EV: 11    Int:  9    God:
Gold:   85         SH:  0    Dex: 14    Spells: 2/2 levels left

rFire   . . .      SeeInvis .   a - +0 flail
rCold   . . .      Faith    .   (no shield)
rNeg    . . .      Spirit   .   h - +0 ring mail
rPois   .          Reflect  .   c - +0 helmet
rElec   .          Harm     .   (no cloak)
rCorr   .          Rampage  .   (no gloves)
Will    .....                   (no boots)
Stlth   +.........              (no amulet)
HPRegen 0.09/turn               (no ring)
MPRegen 0.08/turn               (no ring)

@: no status effects
A: demonic guardian 1
a: no special abilities


You were on level 2 of the Dungeon.
You visited 1 branch of the dungeon, and saw 2 of its levels.

You collected 85 gold pieces.

Inventory:

Hand Weapons
 a - a +0 flail (weapon)
Missiles
 d - 3 throwing nets (quivered)
 e - a javelin
 i - 3 poisoned darts
Armour
 c - a +0 helmet (worn)
 h - a +0 ring mail (worn)
Scrolls
 f - a scroll of torment {unknown}
 g - a scroll of identify {unknown}
 l - a scroll of enchant armour {unknown}
 n - a scroll of silence {unknown}
Potions
 b - a potion of heal wounds {unknown}
 j - a potion of curing {unknown}
 k - 3 potions of degeneration {unknown}
 m - a potion of lignification {unknown}


   Skills:
 + Level 3.2 Fighting
 + Level 3.5 Maces & Flails
 - Level 1.7 Throwing
 - Level 2.6 Dodging


You had 2 spell levels left.
You didn't know any spells.
Your spell library contained the following spells:

 Spells                   Type           Power      Damage    Failure   Level
 Freeze                   Ice            0%         1d3       61%         1
 Frozen Ramparts          Ice            0%         1d1       93%         3
 Hailstorm                Conj/Ice       0%         3d3       100%        4


Dungeon Overview and Level Annotations

Branches:
Dungeon (2/15)

Altars:

Shops:
D:1 (


Innate Abilities, Weirdness & Mutations

A weak demonic guardian rushes to your aid.


Message History

b - an emerald potion
Found a stone staircase leading up.
k - 3 golden potions (gained 2)
A frilled lizard comes into view.
The frilled lizard hisses angrily.
A frilled lizard is nearby!
Found a sling.
The frilled lizard bites you but does no damage.
You sock the frilled lizard!
You kill the frilled lizard!
A worm comes into view.
You sock the worm!
The worm is heavily wounded.
The worm closely misses you.
You sock the worm!
You kill the worm!
You see here a worm corpse.
Found a stone staircase leading up.
You see here a worm corpse.
A goblin comes into view. It is wielding a +0 club.
Found 5 stones.
The goblin shouts!
You barely miss the goblin. The goblin hits you but does no damage.
The goblin hits you with a +0 club.
You closely miss the goblin. The goblin hits you but does no damage.
You sock the goblin!
You kill the goblin!
You see here a +0 club.
You see here 5 stones.
A jelly comes into view.
The jelly quivers.
You sock the jelly!
Your hands burn!
The jelly is heavily wounded.
The jelly hits you.
You are splashed with acid!
You hit the jelly.
Your hands burn!
A demonic guardian appears!
The jelly is severely wounded.
The jelly hits you.
You are splashed with acid!
* * * LOW HITPOINT WARNING * * *
You hit the jelly.
Your hands burn!
You die...

#.#.#######.# .
#.#.# #.# .##
#.#.# #.# ..#
#)#.# ####.# #.#
#.#.####..... ..#
#.#.##...##.# #.#
#.#.##.####.# #J#
#.#.........#
#@####...........#
#.5.........####.#
############# #.#
#.. ###


You could see a jelly (ally target) and a friendly white imp (summoned).

Vanquished Creatures
  2 adders (D:2)
  A worm (D:2)
  A dart slug (D:1)
  4 ball pythons (D:1)
  5 bats
  3 endoplasms (D:1)
  2 giant cockroaches (D:1)
  5 goblins
  A quokka (D:1)
  8 frilled lizards
  A kobold (D:1)
  A rat (D:1)
34 creatures vanquished.

Vanquished Creatures (collateral kills)
  A frilled lizard (D:1)
1 creature vanquished.

Vanquished Creatures (others)
  A fungus (D:1)
  11 plants (D:1)
  A withered plant (D:1)
13 creatures vanquished.

Grand Total: 48 creatures vanquished

Notes
Turn   | Place    | Note
-------+----------+-------------------------------------------
     0 | D:1      | ThatPearl the Demonspawn Gladiator began the quest for the
                  | Orb.
     0 | D:1      | Reached XP level 1. HP: 16/16 MP: 1/1
   215 | D:1      | Found a faded altar of an unknown god.
   374 | D:1      | Gained mutation: A weak demonic guardian rushes to your
                  | aid. [demonic ancestry]
   374 | D:1      | Reached XP level 2. HP: 22/23 MP: 2/2
   717 | D:1      | Found Maischag's Antique Weapon Shop.
  1026 | D:1      | Reached XP level 3. HP: 23/28 MP: 3/3
  1781 | D:2      | Splashed by a jelly's acid

Illustrated notes

Levels and vault maps discovered:
D:1:      moated_graveyard_arrival, layout_rooms, serial_shops,
          nicolae_shop_statue_plus, shapermc_ecumenical_altar_gd,
          minmay_lizard_king
D:2:      layout_loops_ring, basic_altar

Skill      XL: |  1  2  3 |
---------------+----------+-----
Maces & Flails | 3 |  3.5
Fighting       | 3 |  3.2
Throwing       | |  1.7
Dodging        | |  2.6

Action                   || total
-------------------------++-------
Melee: Flail             ||   113
       Punch             ||     1
Throw: Throwing net      ||     2
Armor: Leather armour    ||    36
       Ring mail         ||     3
Dodge: Dodged            ||    74
